 Dungeon Crawl Stone Soup version 0.30-a0-140-gd1020e658a (webtiles) character file.

Game seed: 7561497562173179558

59773 Decritt the Peltast (level 14, -7/96 HPs)
             Began as a Gargoyle Fighter on Sept 24, 2022.
             Was an Elder of Ru.
             Killed from afar by Nikola (79 damage)
             ... with an arc of chain lightning
             ... on level 2 of the Snake Pit.
             The game lasted 00:51:17 (21464 turns).

Decritt the Peltast (Gargoyle Fighter)             Turns: 21464, Time: 00:51:17

Health: -7/96      AC: 37    Str: 26    XL:     14   Next: 96%
Magic:  14/14      EV:  8    Int: 15    God:    Ru [****..]
Gold:   1025       SH: 27    Dex: 12    Spells: 13/13 levels left

rFire   + . .      SeeInvis .    t - +6 war axe "Piha" {vorpal, Will+ Str+3 Int+4}
rCold   + . .      Faith    .    l - +4 tower shield
rNeg    + . .      Spirit   .    E - +0 plate armour
rPois   ∞          Reflect  +    H - +0 helmet "Leunepp" {Dex+3}
rElec   +          Harm     .    n - +1 cloak
rCorr   .          Rampage  .    z - +1 pair of gloves
Will    ++...                    i - +2 pair of boots
Stlth   ..........               b - amulet of reflection
HPRegen 0.26/turn                x - ring of protection from cold
MPRegen 0.14/turn                u - ring of protection from fire

@: flying, studying 2 skills
A: sickness immunity, AC +10, big wings, negative energy resistance 1,
electricity resistance, torment resistance 1, petrification resistance, no
stealth, inability to use devices, no air magic, no hexes magic, no summoning
magic
a: Renounce Religion, Draw Out Power, Power Leap


You were on level 2 of the Snake Pit.
You worshipped Ru.
Ru was greatly pleased with you.
You visited 3 branches of the dungeon, and saw 17 of its levels.
You also visited: Sewer.

You collected 1235 gold pieces.
You spent 210 gold pieces at shops.

Inventory:

Hand Weapons
 s - the +7 spear of the Heart {vorpal, rC+}
   (You found it on level 2 of the Dungeon)

   It inflicts extra damage upon your enemies.
   rC:        It protects you from cold.
 t - the +6 war axe "Piha" (weapon) {vorpal, Will+ Str+3 Int+4}
   (You found it on level 4 of the Lair of Beasts)

   It inflicts extra damage upon your enemies.
   Str:       It affects your strength (+3).
   Int:       It affects your intelligence (+4).
   Will:      It increases your willpower.
 F - a +7 whip of electrocution
Armour
 i - a +2 pair of boots (worn)
 l - a +4 tower shield (worn)
 n - a +1 cloak (worn)
 z - a +1 pair of gloves (worn)
 E - a +0 plate armour (worn)
 H - the +0 helmet "Leunepp" (worn) {Dex+3}
   (You found it on level 10 of the Dungeon)

   Dex:       It affects your dexterity (+3).
Jewellery
 b - an amulet of reflection (around neck)
 h - a ring of resist corrosion
 u - a ring of protection from fire (right hand)
 x - a ring of protection from cold (left hand)
Scrolls
 a - 2 scrolls of torment
 c - 2 scrolls of silence {unknown}
 g - 9 scrolls of teleportation
 o - a scroll of butterflies
 p - a scroll of poison
 q - 2 scrolls of summoning
 y - 3 scrolls of blinking
 A - a scroll of enchant weapon
 B - 2 scrolls of immolation
 C - a scroll of brand weapon {unknown}
Potions
 d - 4 potions of might
 e - a potion of haste
 f - 3 potions of resistance
 j - a potion of berserk rage
 k - a potion of heal wounds
 m - 5 potions of attraction
 r - a potion of magic {unknown}
 v - 5 potions of curing
 w - a potion of mutation
 D - 3 potions of ambrosia
 G - a potion of cancellation


   Skills:
 * Level 14.7 Fighting
 * Level 7.4(9.9) Axes
 - Level 8.6(10.1) Maces & Flails
 - Level 6.3(8.0) Polearms
 + Level 13.9 Armour
 + Level 6.9 Dodging
 + Level 15.4 Shields


You had 13 spell levels left.
You didn't know any spells.
Your spell library contained the following spells:

 Spells                   Type           Power      Damage    Failure   Level
 Gell's Gravitas          Tloc           0%         N/A       100%        3
 Lesser Beckoning         Tloc           0%         N/A       100%        3
 Spider Form              Tmut/Pois      0%         N/A       100%        3
 Stone Arrow              Conj/Erth      0%         3d7       100%        3
 Teleport Other           Tloc           0%         N/A       100%        3
 Petrify                  Tmut/Erth      0%         N/A       100%        4
 Blade Hands              Tmut           0%         N/A       100%        5
 Irradiate                Conj/Tmut      0%         3d11      100%        5
 Iron Shot                Conj/Erth      0%         9d1       100%        6
 Lehudib's Crystal Spear  Conj/Erth      0%         10d2      100%        8
 Summon Small Mammal      Summ           Unusable   N/A       N/A         1
 Ensorcelled Hibernation  Hex/Ice        Unusable   N/A       N/A         2
 Sublimation of Blood     Necr           Unusable   N/A       N/A         2
 Call Canine Familiar     Summ           Unusable   N/A       N/A         3
 Portal Projectile        Hex/Tloc       Unusable   N/A       N/A         3
 Summon Guardian Golem    Hex/Summ       Unusable   N/A       N/A         3
 Tukima's Dance           Hex            Unusable   N/A       N/A         3
 Anguish                  Hex/Necr       Unusable   N/A       N/A         4
 Animate Armour           Summ/Erth      Unusable   N/A       N/A         4

Dungeon Overview and Level Annotations

Branches:
Dungeon (10/15)            Temple (0/1) D:6            Lair (5/5) D:8
  Swamp (0/4) Lair:2        Snake (2/4) Lair:3        Slime (0/5) Lair:4
    Orc (0/2) D:10          Sewer (visited)

Altars:
Ashenzari
Cheibriados
Dithmenos
Elyvilon
Fedhas
Hepliaklqana
Kikubaaqudgha
Makhleb
Qazlal
Ru
Sif Muna
Trog
Wu Jian
Xom
Yredelemnul
The Shining One
Jiyva

Shops:
D:6 ?*[:   D:7 :   D:10 (

Annotations:
Lair:4 exclusion: 3 oklob plants
Snake:2 Nikola


Innate Abilities, Weirdness & Mutations

You are immune to sickness and miasma.
Your stone body is resilient. (AC +10)
You are immune to poison.
Your large and strong wings let you fly.
You resist negative energy. (rN+)
You are resistant to electric shocks. (rElec)
You are resistant to unholy torment.
You are immune to petrification.
You cannot be stealthy.
You cannot study or use magical devices.
You cannot study or cast Air magic.
You cannot study or cast Hexes magic.
You cannot study or cast Summoning magic.


Message History

Found a chain mail.
Found a potion of flight.
Nikola the Mad Inventor comes into view.
He is wielding a +4 rapier of electrocution.
Unknown command.
Nikola casts a spell.
Nikola blinks!
You see here a potion of flight.
Nikola casts a spell.
Lightning arcs from Nikola's hands!
The bolt of lightning hits you!! You resist.
A bolt of lightning appears from out of thin air!
The bolt of lightning hits Nikola.
Unknown command.
You slice Nikola!!
Nikola is lightly wounded.
Nikola hits you with a +4 rapier of electrocution!
Nikola barely misses you.
You closely miss Nikola.
Nikola is lightly wounded.
You block Nikola's attack.
You slice Nikola!!
Nikola is moderately wounded.
Nikola closely misses you.
You hit Nikola.
Nikola is moderately wounded.
Nikola gestures wildly while chanting.
Nikola blinks!
Okay, then.
Okay, then.
Okay, then.
You feel better.
You redirect Nikola's attack!
Nikola hits you but does no damage.
You barely miss Nikola.
Nikola is moderately wounded.
Nikola mumbles some strange words.
Lightning arcs from Nikola's hands!
The bolt of lightning hits you!!!! You resist.
Ouch! That really hurt!
You die...

##### #...##
#### #....#
#...###@...#
##......@...#
...........##
####......#
#.!...## #
#.....# .
####.#...#
###.#....#####
#...#....#
##......#


You could see Nikola.

Vanquished Creatures
  Harold (Lair:1)
  2 hydras
  2 catoblepae (Lair:5)
  A naga warrior (Snake:2)
  The ghost of Tewichka the Carver, a novice DgFi (D:9)
  4 two-headed ogres
  A boulder beetle (Lair:3)
  5 death yaks (Lair:5)
  6 naga sharpshooters
  4 shock serpents
  A naga ritualist (Snake:2)
  2 bog bodies (Lair:2)
  Pikel (D:8)
  3 mana vipers (Snake:1)
  4 elephants (Lair:1)
  A guardian serpent (Lair:3)
  11 black mambas
  4 naga magi
  Joseph (Lair:1)
  2 manticores (Lair:5)
  15 cane toads
  5 torpor snails
  Maggie (Lair:1)
  11 komodo dragons
  9 rime drakes
  A troll (D:8)
  A polar bear (Lair:5)
  2 hornets
  3 slime creatures
  11 blink frogs
  7 dream sheep (Lair:5)
  Sigmund (D:4)
  A wyvern (Lair:4)
  52 yaks
  6 basilisks
  2 steam dragons (D:7)
  An acid dragon (D:9)
  9 nagas
  15 water moccasins
  2 black bears
  2 ice beasts
  2 ogres (D:5)
  6 orc warriors
  14 wolves
  2 lemures (D:8)
  12 bullfrogs
  2 gnoll sergeants
  A necrophage (D:8)
  4 scorpions
  9 wights
  19 killer bees
  3 howler monkeys
  3 electric eels (D:8)
  10 hounds
  2 orc priests (D:9)
  A jelly (D:6)
  2 gnoll boudas
  2 iguanas (D:6)
  8 orc wizards
  A hound skeleton (D:8)
  20 gnolls
  6 adders
  A shadow imp (D:7)
  A white imp (D:5)
  An ufetubus (D:4)
  2 worms
  3 dart slugs
  27 orcs
  16 ball pythons
  19 endoplasms
  9 giant cockroaches
  6 goblins
  7 hobgoblins
  4 jackals (D:3)
  12 quokkas
  6 bats
  16 frilled lizards
  4 kobolds
  9 rats
  A spectral kobold (D:1)
487 creatures vanquished.

Vanquished Creatures (others)
  A catoblepas (Lair:5)
  A death yak (Lair:5)
  A naga mage (Snake:1)
  A black mamba (Lair:5)
  A yak (Lair:1)
  38 fungi
  25 plants
68 creatures vanquished.

Grand Total: 555 creatures vanquished

Notes
Turn   | Place    | Note
-------+----------+-------------------------------------------
     0 | D:1      | Decritt the Gargoyle Fighter began the quest for the Orb.
     0 | D:1      | Reached XP level 1. HP: 14/14 MP: 1/1
     6 | D:1      | Noticed a swamp drake
     7 | D:1      | Noticed a polar bear
   228 | D:1      | Reached XP level 2. HP: 19/19 MP: 2/2
   381 | D:1      | Found a faded altar of an unknown god.
   450 | D:1      | Reached XP level 3. HP: 23/23 MP: 3/3
  1657 | D:2      | Reached XP level 4. HP: 26/29 MP: 4/4
  2137 | D:2      | Identified the +7 spear of the Heart {vorpal, rC+}
  2414 | D:3      | Reached skill level 4 in Shields
  2426 | D:3      | Found a broken altar of Ashenzari.
  2555 | D:3      | Reached XP level 5. HP: 22/33 MP: 5/5
  3307 | D:4      | Found a hazy altar of Hepliaklqana.
  3307 | D:4      | Noticed Sigmund
  3308 | D:4      | Found a faded altar of an unknown god.
  3315 | D:4      | Killed Sigmund
  3316 | D:4      | Reached skill level 1 in Axes
  3316 | D:4      | Reached XP level 6. HP: 26/40 MP: 6/6
  3443 | D:4      | Found a glowing drain.
  3459 | Sewer    | Entered a sewer
  3635 | Sewer    | Reached skill level 5 in Armour
  3666 | Sewer    | Reached skill level 5 in Shields
  3680 | Sewer    | Reached skill level 5 in Fighting
  3680 | Sewer    | Reached XP level 7. HP: 16/44 MP: 7/7
  3685 | Sewer    | Reached skill level 1 in Polearms
  4070 | D:4      | Found an ancient bone altar of Kikubaaqudgha.
  4074 | D:4      | Found a sacrificial altar of Ru.
  4103 | D:4      | Became a worshipper of Ru the Awakened
  4818 | D:5      | Entered Level 5 of the Dungeon
  4948 | D:5      | Found a bloodstained altar of Trog.
  5058 | D:5      | Reached XP level 8. HP: 18/51 MP: 8/8
  5139 | D:5      | Reached skill level 6 in Shields
  5605 | D:5      | Gained mutation: You cannot be stealthy. [Ru sacrifice]
  5938 | D:6      | Found Juoxit's Assorted Antiques.
  5941 | D:6      | Bought a runed tower shield for 210 gold pieces
  6027 | D:6      | Reached skill level 9 in Shields
  6027 | D:6      | Reached XP level 9. HP: 60/60 MP: 9/9
  6117 | D:6      | Found Vihaz's Antique Armour Boutique.
  6170 | D:6      | Found Jugoedgh's Book Boutique.
  6346 | D:6      | Found a basalt altar of Yredelemnul.
  6397 | D:6      | Found a staircase to the Ecumenical Temple.
  6647 | D:6      | Found Kuricopa's Magic Scroll Shop.
  7123 | D:7      | Found Cigul Niulikk's Vocational Training.
  7150 | D:7      | Reached skill level 1 in Dodging
  7154 | D:7      | Reached XP level 10. HP: 54/66 MP: 10/10
  7444 | D:7      | Found a shimmering blue altar of Sif Muna.
  7572 | D:7      | Found a blossoming altar of Fedhas.
  7789 | D:8      | Noticed Pikel
  7815 | D:8      | Killed Pikel
  7816 | D:8      | Reached skill level 10 in Armour
  7887 | D:8      | Noticed a two-headed ogre
  7901 | D:8      | Reached skill level 10 in Fighting
  7907 | D:8      | Killed a two-headed ogre
  8252 | D:8      | Found a staircase to the Lair.
  8302 | D:8      | Reached skill level 10 in Shields
  8365 | D:8      | Gained mutation: You cannot study or cast Air magic. [Ru
                  | sacrifice]
  8365 | D:8      | Gained mutation: You cannot study or cast Hexes magic. [Ru
                  | sacrifice]
  8365 | D:8      | Gained mutation: You cannot study or cast Summoning magic.
                  | [Ru sacrifice]
  8365 | D:8      | Reached * piety under Ru
  8365 | D:8      | Reached ** piety under Ru
  8787 | D:8      | Found a white marble altar of Elyvilon.
  8890 | D:8      | Found a burning altar of Makhleb.
  9150 | D:8      | Identified a scroll of acquirement
  9150 | D:8      | Acquired a manual of Shields
  9183 | D:9      | Noticed a two-headed ogre
  9195 | D:9      | Killed a two-headed ogre
  9196 | D:9      | Reached XP level 11. HP: 50/73 MP: 11/11
  9696 | D:9      | Found a runed translucent door.
  9697 | D:9      | Noticed Tewichka's ghost (novice DgFi)
  9731 | D:9      | Killed Tewichka's ghost
 10541 | D:10     | Entered Level 10 of the Dungeon
 11054 | D:10     | Noticed a two-headed ogre
 11067 | D:10     | Killed a two-headed ogre
 11068 | D:10     | Reached skill level 11 in Shields
 11117 | D:10     | Found Urigetsa's Weapon Emporium.
 11118 | D:10     | Found a staircase to the Orcish Mines.
 11589 | D:10     | Noticed a two-headed ogre
 11603 | D:10     | Killed a two-headed ogre
 11839 | D:10     | Identified the +0 helmet "Leunepp" {Dex+3}
 11901 | D:10     | Found a glowing golden altar of the Shining One.
 11908 | D:10     | Found a shadowy altar of Dithmenos.
 11911 | D:10     | Found a shimmering altar of Xom.
 11916 | D:10     | Found a stormy altar of Qazlal.
 11922 | D:10     | Found an ornate altar of the Wu Jian Council.
 12229 | Lair:1   | Entered Level 1 of the Lair of Beasts
 12293 | Lair:1   | Reached skill level 5 in Maces & Flails
 12293 | Lair:1   | Reached XP level 12. HP: 44/80 MP: 12/12
 12467 | Lair:1   | Gained mutation: You cannot study or use magical devices.
                  | [Ru sacrifice]
 12467 | Lair:1   | Reached *** piety under Ru
 12467 | Lair:1   | Reached **** piety under Ru
 12642 | Lair:1   | Noticed Joseph
 12649 | Lair:1   | Killed Joseph
 12845 | Lair:1   | Reached skill level 12 in Shields
 13640 | Lair:1   | Noticed Maggie
 13651 | Lair:1   | Killed Maggie
 13941 | Lair:1   | Noticed Harold
 13955 | Lair:1   | Killed Harold
 14308 | Lair:2   | Found a staircase to the Swamp.
 14620 | Lair:2   | Reached XP level 13. HP: 83/87 MP: 13/13
 14633 | Lair:2   | Reached skill level 13 in Shields
 14727 | Lair:2   | Reached skill level 5 in Dodging
 15584 | Lair:3   | Found a staircase to the Snake Pit.
 16338 | Lair:4   | Identified the +6 war axe "Piha" {vorpal, Will+ Str+3
                  | Int+4}
 16869 | Lair:4   | Found a viscous altar of Jiyva.
 16871 | Lair:4   | Found a staircase to the Slime Pits.
 17358 | Lair:5   | Entered Level 5 of the Lair of Beasts
 17503 | Lair:5   | Reached skill level 14 in Shields
 17698 | Lair:5   | Reached skill level 5 in Axes
 17715 | Lair:5   | Gained mutation: Your large and strong wings let you fly.
                  | [Gargoyle growth]
 17715 | Lair:5   | Reached XP level 14. HP: 91/94 MP: 14/14
 18289 | Lair:5   | Found a snail-covered altar of Cheibriados.
 19408 | Snake:1  | Entered Level 1 of the Snake Pit
 19934 | Snake:1  | Reached skill level 15 in Shields
 21360 | Snake:2  | Identified the +0 ring mail of Ryunteeq {Harm *Slow rF+
                  | Regen+ Slay+3}
 21453 | Snake:2  | Noticed Nikola
 21464 | Snake:2  | Killed from afar by Nikola

Illustrated notes

Levels and vault maps discovered:
D:1:      onia_arrival_zoo_common, layout_basic,
          dreamdust_ecumenical_altar_drowned_temple
D:2:      layout_basic, minmay_goblin_outpost
D:3:      layout_loops_ring, nicolae_ashenzari_skybound, minmay_puff
D:4:      layout_basic, mainiacjoe_overflow_catwalk_spiral,
          beargit_hepliaklqana_dungeon_heroes, portal_sewer_entry_a
D:5:      layout_loops_ring, trog_butcher_becter
D:6:      layout_loops_corners, kennysheep_mini_moat, temple_fountains,
          serial_shops, shop, shop, shop, nicolae_shop_behind_doors
D:7:      layout_rooms, mainiacjoe_overflow_cross_hatched,
          mainiacjoe_overflow_chevrons, nicolae_shop_vocational
D:8:      layout_basic, mainiacjoe_overflow_alcove_1,
          makhleb_blood_cavern_becter, erik_lair_island, uniq_pikel
D:9:      layout_rooms, ebering_ghost_reflecting_pool, dk_vineyard_3
D:10:     layout_rooms, nicolae_overflow_hallway_of_the_gods, orc_david_3,
          chequers_serial_rivers_micro_d, dreamdust_princess_bridge
Lair:1:   layout_cave_pods, chequers_serial_rivers_micro_a, uniq_joseph,
          uniq_maggie, uniq_harold
Lair:2:   layout_cave_pods, skrybe_swamp_entry_bodies
Lair:3:   layout_cave_pods, minmay_snake_entry_spellcaster,
          chequers_serial_rivers_large_a, grunt_megastairs_4,
          lemuel_fruit_fields
Lair:4:   layout_misc_corridors, minmay_slime_entry_oklob_enclosed,
          minivault_24, kennysheep_basilisk_garden, grunt_megastairs_3
Lair:5:   evilmike_catoblepas_cave, layout_gridlike, kennysheep_snail_temple
Snake:1:  layout_misc_corridors
Snake:2:  layout_misc_corridors, grunt_megastairs_5, minmay_shop_star,
          uniq_nikola

Skill      XL: |  1  2  3  4  5  6  7  8  9 10 11 12 13 14 |
---------------+-------------------------------------------+-----
Armour         | 4 5 9 10 11 12 13 | 13.9
Shields        | 4 5 9 10 11 12 14 15 | 15.4
Fighting       | 4 5 9 10 11 12 13 14 | 14.7
Maces & Flails | 3 4 5 7 8 |  8.6
Axes           | 1 3 5 7 |  7.4
Polearms       | 2 6 |  6.3
Dodging        | 1 2 3 4 6 |  6.9

Action                   |  1- 3 |  4- 6 |  7- 9 | 10-12 | 13-15 || total
-------------------------+-------+-------+-------+-------+-------++-------
Melee: Flail             |   109 |    48 |       |       |       ||   157
       Spear             |       |   147 |   213 |   552 |       ||   912
       Whip              |       |       |       |   435 |   198 ||   633
       War axe           |       |       |       |       |   471 ||   471
Throw: Javelin           |       |       |       |     2 |       ||     2
Invok: Sacrifice Stealth |       |       |     1 |       |       ||     1
       Sacrifice Arcana  |       |       |       |     1 |       ||     1
       Power Leap        |       |       |       |     1 |       ||     1
       Sacrifice Artific |       |       |       |     1 |       ||     1
       Reject Sacrifices |       |       |       |       |     2 ||     2
  Use: Scroll            |       |     8 |    11 |    13 |     6 ||    38
       Potion            |       |     1 |     2 |       |     1 ||     4
 Stab: Held in net/web   |       |       |       |     2 |       ||     2
       Invisible         |       |       |       |       |     3 ||     3
       Distracted        |       |       |       |       |     2 ||     2
Armor: Scale mail        |    72 |       |       |       |       ||    72
       Chain mail        |       |   108 |    88 |   162 |       ||   358
       Plate armour      |       |       |       |   158 |   292 ||   450
Dodge: Dodged            |    60 |    67 |    35 |   142 |   134 ||   438
Block: Buckler           |    18 |    29 |    13 |       |       ||    60
       Tower shield      |       |       |    90 |  1132 |   887 ||  2109
       Reflection        |       |       |       |    10 |    51 ||    61

Table legend: (Time is in decaauts)
 A = Elapsed time spent in this place.
 B = Non-inter-level travel time spent in this place.
 C = Inter-level travel time spent in this place.
 D = Time resting spent in this place.
 E = Time spent auto-exploring this place.
 F = Levels seen in this place.
 G = Mean time per level.
                   A        B        C        D        E       F      G
               +--------+--------+--------+--------+--------+-----+--------+
         Total |  21769 |  21199 |    570 |   5676 |  11380 |  18 | 1209.4 |
       Dungeon |  11814 |  11470 |    344 |   3077 |   6302 |  10 | 1181.4 |
          Lair |   7332 |   7142 |    190 |   1396 |   4215 |   5 | 1466.4 |
     Snake Pit |   2098 |   2063 |     35 |    949 |    765 |   2 | 1049.0 |
         Sewer |    523 |    523 |      0 |    254 |     97 |   1 |  523.0 |
               +--------+--------+--------+--------+--------+-----+--------+

Top non-repeatable levels by time:
     D:9: 2178 daAuts
  Lair:1: 1855 daAuts
  Lair:5: 1787 daAuts
  Lair:4: 1581 daAuts
 Snake:1: 1532 daAuts
     D:8: 1430 daAuts
  Lair:2: 1248 daAuts
     D:6: 1222 daAuts
     D:2: 1155 daAuts
     D:1: 1094 daAuts
     D:3: 1067 daAuts
     D:5: 1054 daAuts
     D:4: 1045 daAuts
    D:10: 891 daAuts
  Lair:3: 860 daAuts
